 Dungeon Crawl Stone Soup version 0.17.1-1-g73c8601 (webtiles) character file.

4140 stupendous the Carver (level 10, 0/76 HPs)
             Began as a Formicid Fighter on Mar 20, 2016.
             Slain by an orc warrior
             ... wielding a +0 scimitar
              (15 damage)
             ... on level 8 of the Dungeon.
             The game lasted 00:38:53 (11679 turns).

stupendous the Carver (Formicid Fighter)           Turns: 11679, Time: 00:38:53

Health: 0/76       AC: 10    Str: 25    XL:     10   Next: 52%
Magic:  10/10      EV:  9    Int:  7    God:
Gold:   318        SH: 10    Dex: 10    Spells: 0 memorised, 9 levels left

rFire  . . .     SeeInvis +     B - +3 falchion
rCold  . . .     Clarity  .     b - +0 scale mail
rNeg   . . .     SustAt   +     c - +0 shield
rPois  +         Gourm    .     (helmet unavailable)
rElec  .         Spirit   .     (no cloak)
rCorr  .         Warding  .     x - +0 pair of gloves
rMut   .         Stasis   +     j - +0 pair of boots
MR     +....                    v - amulet of stasis
Stlth  ..........               F - ring of sustain attributes
                                g - ring of poison resistance

@: somewhat resistant to hostile enchantments, extremely unstealthy
A: permanent stasis, dig shafts and tunnels, four strong arms, antennae 3
a: Dig, Shaft Self


You were on level 8 of the Dungeon.
You were not hungry.

You visited 2 branches of the dungeon, and saw 9 of its levels.

You collected 318 gold pieces.

Inventory:

Hand Weapons
 a - a +1 long sword
 o - a +0 great sword
 B - a +3 falchion (weapon)
Armour
 b - a +0 scale mail (worn)
 c - a +0 shield (worn)
 j - a +0 pair of boots (worn)
 x - a +0 pair of gloves (worn)
Jewellery
 g - a ring of poison resistance (left hand)
 l - an uncursed ring of magical power
 s - an uncursed ring of protection from fire
 v - an amulet of stasis (around neck)
 F - a ring of sustain attributes (right hand)
 H - an uncursed amulet of rage {unknown}
 I - an uncursed ring of protection from magic {unknown}
Wands
 m - a wand of disintegration (11)
 G - a wand of disintegration (11)
Scrolls
 k - a scroll of magic mapping
 r - a scroll of enchant armour {unknown}
 y - a scroll of fog {unknown}
 D - 3 scrolls of identify
 E - a scroll of amnesia {unknown}
Potions
 d - a potion of might
 f - a potion of heal wounds
 h - 2 potions of magic {unknown}
 i - a potion of invisibility {unknown}
 p - 3 potions of curing {unknown}
 q - 3 potions of haste
 w - 2 potions of poison {unknown}
 z - 2 potions of agility {unknown}
 A - a potion of cancellation {unknown}
 C - a potion of lignification {unknown}
Books
 n - a book of Death

   Spells                             Type                      Level
   a - Corpse Rot                     Necromancy                   2
   b - Sublimation of Blood           Necromancy                   2
   c - Agony                          Necromancy                   5
   d - Dispel Undead                  Necromancy                   5
   e - Excruciating Wounds            Charms/Necromancy            5
   f - Bolt of Draining               Conjuration/Necromancy       5
 t - a book of Beasts

   Spells                             Type                      Level
   a - Summon Butterflies             Summoning                    1
   b - Call Canine Familiar           Summoning                    3
   c - Summon Ice Beast               Ice/Summoning                4
   d - Summon Mana Viper              Hexes/Summoning              5
   e - Summon Hydra                   Summoning                    7
Comestibles
 e - 3 bread rations
 u - 7 meat rations
 J - 2 chunks of flesh


   Skills:
 - Level 6.1 Fighting
 + Level 11.8 Long Blades
 - Level 7.0 Armour
 - Level 6.1 Shields


You had 9 spell levels left.
You didn't know any spells.

Dungeon Overview and Level Annotations

Branches:
Dungeon (8/15)             Temple (1/1) D:5
   Lair: D:8-11

Altars:
Ashenzari
Cheibriados
Dithmenos
Elyvilon
Fedhas
Gozag
Makhleb
Nemelex Xobeh
Qazlal
Ru
Sif Muna
Trog
Vehumet
Xom
Yredelemnul
Zin
The Shining One
Jiyva

Shops:
D:4 [


Innate Abilities, Weirdness & Mutations

You are under a permanent stasis effect.
You can dig through walls and to a lower floor.
Your four strong arms can wield two-handed weapons with a shield.
You have a pair of large antennae on your head (SInv).


Message History

You block the orc wizard's attack. You block the orc warrior's attack.
You closely miss the orc warrior.
The orc wizard gestures wildly while chanting.
The orc wizard flickers and vanishes for a moment.
You block the orc wizard's attack.
You barely miss the orc warrior. You block the orc warrior's attack.
The orc wizard hits you but does no damage.
You closely miss the orc warrior.
Your scale mail prevents you from hitting the orc warrior.
The orc wizard closely misses you. The orc warrior completely misses you.
Your shield prevents you from hitting the orc warrior.
The orc wizard hits you but does no damage.
Your scale mail prevents you from hitting the orc warrior.
The orc warrior closely misses you.
You hit the orc warrior but do no damage.
The orc wizard points at you and mumbles some strange words.
The magic dart hits you!
* * * LOW HITPOINT WARNING * * *
The orc warrior hits you with a scimitar!
You die...

.##.####### #.#
###.# ### #.# # #.#
..######.#######
#.#
#.#.......<....#
#.#
#o#...##.#####.#
#.# #o#...{..# #.#
.. #o#......#####.#
#o#[.._......#.#
#@#.......##.#.#
#o#.......##.#.#
##.#.########.#.#
#.....#######.#.###
#..#..............#
#..#............#.#
#..##########.###.#
#..# #.# #.# #..#
#.###.#


You could see an orc warrior, 2 orc wizards and 2 orcs.

Vanquished Creatures
  Pikel (D:7)
  Sigmund (D:4)
  Eustachio (D:4)
  A wyvern (D:8)
  Menkaure (D:5)
  A mottled dragon (D:8)
  Edmund (D:4)
  Duvessa (D:5)
  A water moccasin (D:7)
  An ice beast (D:5)
  3 sky beasts
  An orc warrior (D:7)
  2 phantoms
  A centaur (D:6)
  A black bear (D:7)
  The ghost of Tiocfaidh the Chopper, an amateur GrGl (D:3)
  Blork the orc (D:6)
  A giant frog (D:6)
  A gnoll sergeant (D:6)
  Dowan (D:5)
  A scorpion (D:6)
  A wyvern skeleton (D:7)
  4 wights
  An electric eel (D:6)
  4 jellies
  7 orc priests
  A giant frog zombie (D:7)
  A giant frog skeleton (D:6)
  3 hounds
  10 orc wizards
  5 worker ants
  2 worker ant zombies
  Robin (D:4)
  16 gnolls
  10 adders
  2 shadow imps
  4 oozes
  An adder skeleton (D:5)
  2 worms
  4 giant geckos
  38 orcs
  4 giant cockroaches
  11 goblins
  7 hobgoblins
  25 jackals
  9 kobolds
  4 quokkas
  9 bats
  A giant gecko skeleton (D:4)
  4 giant newts
  A quokka skeleton (D:6)
  7 rats
223 creatures vanquished.

Vanquished Creatures (others)
  A hound (D:7)
1 creature vanquished.

Grand Total: 224 creatures vanquished

Notes
Turn   | Place    | Note
--------------------------------------------------------------
     0 | D:1      | stupendous the Formicid Fighter began the quest for the Orb.
     0 | D:1      | Reached XP level 1. HP: 18/18 MP: 1/1
   224 | D:1      | Reached XP level 2. HP: 16/24 MP: 2/2
   559 | D:1      | Reached skill level 4 in Shields
   559 | D:1      | Reached XP level 3. HP: 18/29 MP: 3/3
   774 | D:2      | Reached XP level 4. HP: 18/37 MP: 4/4
  1348 | D:2      | Reached XP level 5. HP: 23/42 MP: 5/5
  1739 | D:2      | Found a shimmering altar of Xom.
  2088 | D:3      | Noticed Tiocfaidh's ghost (amateur GrGl)
  2114 | D:3      | HP: 2/42 [Tiocfaidh's ghost (6)]
  3842 | D:4      | Reached XP level 6. HP: 46/49 MP: 6/6
  3890 | D:3      | Killed Tiocfaidh's ghost
  3890 | D:3      | Reached skill level 5 in Shields
  4386 | D:4      | Reached skill level 5 in Fighting
  4431 | D:4      | Reached XP level 7. HP: 38/56 MP: 7/7
  4530 | D:4      | Noticed Robin
  4593 | D:4      | Got a pair of fine boots
  4599 | D:4      | Identified the cursed +0 pair of boots of Intercession {rF+ rC- MR- Dex+5} (You found it on level 4 of the Dungeon)
  4646 | D:4      | Killed Robin
  4693 | D:4      | Noticed Eustachio
  4723 | D:4      | Killed Eustachio
  4723 | D:4      | Reached skill level 5 in Armour
  5185 | D:4      | Found Qaptecri's Antique Armour Emporium.
  5207 | D:4      | Noticed Sigmund
  5243 | D:4      | Killed Sigmund
  5243 | D:4      | Reached skill level 6 in Shields
  5243 | D:4      | Reached XP level 8. HP: 22/64 MP: 8/8
  5768 | D:5      | Entered Level 5 of the Dungeon
  5791 | D:5      | Noticed Duvessa
  5806 | D:5      | Noticed Dowan
  5832 | D:5      | Killed Duvessa
  5832 | D:5      | Reached skill level 5 in Long Blades
  6057 | D:5      | Killed Dowan
  6119 | D:5      | Found a staircase to the Ecumenical Temple.
  6124 | Temple   | Entered the Ecumenical Temple
  6699 | D:5      | Reached skill level 7 in Armour
  6716 | D:5      | Reached XP level 9. HP: 39/69 MP: 9/9
  6992 | D:5      | Found a shadowy altar of Dithmenos.
  7036 | D:5      | Noticed Edmund
  7037 | D:5      | Noticed Menkaure
  7355 | D:4      | Killed Edmund
  7687 | D:5      | Killed Menkaure
  7687 | D:5      | Reached skill level 8 in Long Blades
  8411 | D:6      | Reached skill level 9 in Long Blades
  8783 | D:6      | Noticed Blork the orc
  8836 | D:6      | Killed Blork the orc
 10348 | D:7      | Reached skill level 10 in Long Blades
 10348 | D:7      | Reached XP level 10. HP: 56/76 MP: 10/10
 10519 | D:7      | Noticed Pikel
 10519 | D:7      | Found a blossoming altar of Fedhas.
 10543 | D:7      | Killed Pikel
 10669 | D:7      | Reached skill level 11 in Long Blades
 11070 | D:7      | Found a sacrificial altar of Ru.
 11613 | D:8      | Found a viscous altar of Jiyva.
 11679 | D:8      | Slain by an orc warrior

Action                   |  1- 3 |  4- 6 |  7- 9 | 10-12 || total
-------------------------+-------+-------+-------+-------++-------
Melee: Long sword        |   109 |   297 |   466 |       ||   872
       Falchion          |       |       |   135 |    90 ||   225
       Great sword       |       |       |       |    97 ||    97
  Use: Scroll            |       |       |    12 |     1 ||    13
       Potion            |       |       |     1 |       ||     1
  Eat: Chunk             |       |    12 |    16 |     5 ||    33
       Royal jelly       |       |       |     1 |       ||     1
       Beef jerky        |       |       |     1 |       ||     1
